Unix NetHack Version 3.7.0-88 Work-in-progress - last build Aug 6 2023 13:40:22 (5c9c4c7fffe0d5f0a8b1342c2a36a56ed743986a,branch:master). Game began 2023-08-15 10:16:26, ended 2023-08-15 10:24:01. puncake, chaotic male orcish Rogue ------- |.....(# ##############-<....|# )#### -------(# #------ # ----- #|)...| |C... #|e..@+ |.....C...... #f...q.| | ----- |))..| |(...| ------ Puncake the Cutpurse St:13 Dx:18 Co:14 In:10 Wi:11 Ch:10 Chaotic S:528 Dlvl:5 $:84 HP:0(24) Pw:6(6) AC:7 Xp:3/61 T:1414 Latest messages: F - 3 uncursed +0 orcish daggers (at the ready) (4 in total). You see here a thonged club. You swap places with Bingus. You stop. Bingus is in the way! In what direction? The orcish dagger hits the gnome. You swap places with Bingus. The gnome wields a crossbow! Bingus bites the gnome. The gnome wields 2 orcish daggers! You see here a thonged club. The gnome wields a crossbow! Bingus bites the gnome. The gnome wields 2 orcish daggers! The gnome wields a crossbow! In what direction? You kill the gnome! F - an uncursed +0 orcish dagger (at the ready) (3 in total). G - 2 orcish daggers. Bingus eats a gnome corpse. In what direction? You throw 2 orcish daggers. The 1st orcish dagger hits the floating eye. The 2nd orcish dagger hits the floating eye. You pull on the leash. Bingus hisses! In what direction? The orcish dagger hits the rothe. You ready: o - 9 darts. In what direction? The dart hits the rothe. What do you want to ready? G - 2 orcish daggers (at the ready). In what direction? The orcish dagger hits the rothe. The rothe hits! The rothe misses! The rothe bites! You hit the rothe. The rothe hits! The rothe just misses! The rothe bites! You pull on the leash. Bingus yowls! You pull on the leash. Bingus hisses! The rothe hits! The rothe bites! You die... Do you want to see the dungeon overview? q Inventory: Coins $ - 84 gold pieces Weapons o - 8 uncursed +0 darts b - an uncursed +0 orcish dagger (weapon in hand) G - an uncursed +0 orcish dagger (at the ready) a - an uncursed +0 orcish short sword (alternate weapon; not wielded) Armor c - an uncursed +1 leather armor (being worn) Comestibles D - an uncursed cum t - an uncursed carrot h - an uncursed food ration n - 2 uncursed food rations l - an uncursed fortune cookie A - an uncursed lembas wafer i - an uncursed sprig of wolfsbane k - an uncursed lichen corpse Scrolls C - an uncursed scroll of blank paper w - an uncursed scroll of destroy armor u - an uncursed scroll of remove curse Spellbooks y - an uncursed spellbook of drain life Potions x - an uncursed potion of booze B - an uncursed potion of monster detection z - an uncursed potion of see invisible d - an uncursed potion of sickness q - an uncursed potion of sickness Rings r - a cursed ring of hunger Tools f - an empty uncursed sack g - an uncursed blindfold p - an uncursed leash (attached to Bingus) e - an uncursed lock pick Puncake the Rogue's attributes: Background: You were a Cutpurse, a level 3 male orcish Rogue. You were chaotic, nominally on a mission for Kos who was opposed by Issek (lawful) and Mog (neutral). You were in the Dungeons of Doom, on level 5. You entered the dungeon 1414 turns ago. There was a new moon in effect when your adventure ended. You had 61 experience points, 19 more were needed to attain level 4. Your score was 528 before end-of-game adjustments. Basics: You had 0 out of 24 hit points. You had all 6 energy points (spell power). Your armor class was 7. Your wallet contained 84 zorkmids. Autopickup was on for '%$?!/="+' plus thrown, with exceptions. Final Characteristics: Your strength was 13 (limit:18/50). Your dexterity was 18 (limit:18). Your constitution was 14 (limit:18). Your intelligence was 10 (limit:16). Your wisdom was 11 (limit:16). Your charisma was 10 (limit:16). Final Status: You were not hungry. You were unencumbered. You were wielding a dagger. You had basic skill with dagger. Final Attributes: You were devoutly aligned. You were poison resistant. You had infravision. You were stealthy. You were warded. You are dead. Miscellaneous: You never encountered a bones level. Total elapsed playing time was 7 minutes and 34 seconds. Major events: Turn 1: puncake the chaotic male orcish Rogue entered the dungeon 1314: entered the Gnomish Mines 1371: attained the rank of Cutpurse (level 3) 1414: killed by a rothe Vanquished creatures: a kitten an orc zombie a coyote 2 gnomes a gecko 2 jackals 3 foxes a kobold a goblin 2 sewer rats a grid bug 4 lichens a kobold zombie 6 newts 27 creatures vanquished. No species were genocided or became extinct. Voluntary challenges: You were an atheist. You were illiterate. You never engraved Elbereth. You never genocided any monsters. You never polymorphed an object. You never changed form. You used no wishes. Achievements: You entered a shop. You entered the Gnomish Mines. You attained the rank of Cutpurse. The Dungeons of Doom: levels 1 to 5 Level 1: Level 2: A jewelers. Level 3: A health food store, a fountain. Level 4: A general store. Stairs down to The Gnomish Mines. Level 5: <- You were here. Final resting place for you, killed by a rothe. The Gnomish Mines: Level 5: Game over: ---------- / \ / REST \ / IN \ / PEACE \ / \ | puncake | | 84 Au | | killed by a | | rothe | | | | | | 2023 | *| * * * | * _________)/\\_//(\/(/\)/\//\/|_)_______ Goodbye puncake the Rogue... You died in The Dungeons of Doom on dungeon level 5 with 520 points, and 84 pieces of gold, after 1414 moves. You were level 3 with a maximum of 24 hit points when you died.